Louvers, chaotic male elven Priest -------------- ##-............| # |............| ---------------- ### |..._........| |..............| # |.[......*...| ####-...............######### -------+----.- # |..............| # ----------- ### ##.<.............. ### |.>.......| # # ---------------- # |..........###### ## |.........| -----.-- ----------- |..j@..| |......| |......| |....... -------- Louvers the Acolyte Experience level: 5 Strength: 14 Dexterity: 11 Constitution: 17 Intelligence: 10 Wisdom: 16 Charisma: 10 Health: 0(47) Energy: 48(49) Def: 8 Gold: 242 Moves: 3545 Dungeon seed: ImE7Wtvou5XAnva1 Game ID: Louvers_1614469214 Your Inventory: Coins $ - 242 gold pieces Weapons a - a blessed greased +1 mace (weapon in hand) F - a +0 dagger Z - 5 +0 darts (in quiver) Armor e - a +0 robe (being worn) n - a +0 small shield (being worn) r - a +0 Hawaiian shirt (being worn) J - a +0 pair of iron shoes (being worn) N - a blessed +0 pair of gauntlets of dexterity (being worn) Y - a blessed +1 orcish helm (being worn) Comestibles c - a clove of garlic d - a sprig of wolfsbane Scrolls o - a scroll of destroy armor H - a blessed scroll of scare monster I - a blessed scroll of blank paper K - a scroll of punishment R - a scroll of create monster T - a scroll of magic mapping U - a scroll of genocide X - a scroll of light Spellbooks f - a spellbook of healing g - a spellbook of light l - a spellbook of turn undead m - a spellbook of magic missile s - a blessed spellbook of teleport away L - a spellbook of clairvoyance Potions b - 3 potions of holy water P - a blessed potion of see invisible Rings j - a +2 ring of gain constitution (on left hand) v - a ring of see invisible (on right hand) Wands E - a wand of secret door detection (0:10) Tools h - a magic marker (0:36) k - a blessed crystal ball (0:0) w - a tin opener C - 3 tallow candles (0:200) D - a partly used tallow candle (0:56) G - a skeleton key Q - a can of grease (0:11) W - a credit card Gems y - a worthless piece of yellow glass z - 2 worthless pieces of red glass M - 2 agate stones O - a worthless piece of white glass V - a worthless piece of blue glass Spells and supernatural/magical abilities: Name Level Category Fail Memory h - healing 1 healing 0% 69% l - light 1 divination 0% 29% m - magic missile 2 attack 67% 95% t - teleport away 6 escape 100% 73% W - pray for help -- divine ? -- X - turn undead -- divine ? -- Your skills at the end: Fighting Skills Weapon Skills mace [Basic] Spellcasting Skills clerical spells [Basic] Final Attributes: You were piously aligned. You were sleep resistant. You saw invisible. You had infravision. You were lucky. You are dead. Vanquished creatures: a giant beetle a rock piercer a shrieker a baby crocodile a little dog a dwarf a homunculus a kobold lord a centipede 5 dwarf zombies an iguana a killer bee 2 acid blobs 3 gas spores 3 hobbits 5 giant rats 4 cave spiders a green mold 3 gnomes a garter snake 3 geckos 7 jackals a kobold 2 goblins 2 sewer rats 9 grid bugs 3 bats 5 lichens a kobold zombie 2 newts 73 creatures vanquished. Voluntary challenges: You had been an atheist until turn 2820. You used a wielded weapon 88 times, starting on turn 5. You read items or engraved 44 times, starting on turn 535. You never genocided any monsters. You never polymorphed an object. You never changed form. You used no wishes. You never split a pudding. You never wrote Elbereth's name. You never violated your personal moral code. Dungeon overview: The Dungeons of Doom: levels 1 to 7 Level 1 a long staircase Level 2 a general store, many fountains Level 3 Level 4 a scroll shop stairs to The Gnomish Mines Level 5 a fountain Level 6 many fountains Level 7 <- You were here an altar to Huhetotl The Gnomish Mines: Level 5 stairs to The Dungeons of Doom History has recorded: On T:1 you entered the Dungeons of Doom to retrieve the Amulet of Yendor! On T:385 you advanced to experience level 2. On T:454 you reached level 2 of The Dungeons of Doom. On T:1061 you advanced to experience level 3. On T:1086 you reached level 3 of The Dungeons of Doom. On T:1540 you advanced to experience level 4. On T:1736 you reached level 4 of The Dungeons of Doom. On T:2199 you reached level 5 of The Dungeons of Doom. On T:2351 you reached level 1 of The Gnomish Mines. On T:2622 you advanced to experience level 5. On T:2829 you reached level 6 of The Dungeons of Doom. On T:3259 you reached level 7 of The Dungeons of Doom. Score breakdown: Gold: 242 ( 8115 points) Experience: 5 levels (11141 points) Exploration: 7 levels ( 14.29%) (10606 points) Discoveries: 13 items ( 4.55%) ( 6396 points) Valuables value: (no points given unless you survive) Artifact value: 0 ( 0 points) Variety of kills: 30 monsters ( 7.87%) ( 8418 points) Turncount: 3545 turns ( -846 points) Survival: died (score multiplied by 80%) Total score: 35064 Latest messages: You are surrounded by a shimmering light. The potion on the altar glows light blue for a moment. You feel that Huhetotl is well-pleased. You have a little trouble lifting b - a potion of holy water. You drop a +0 etched helmet. Your movements are now unencumbered. You see here 7 rocks. The door opens. KABOOM!! The door was booby-trapped! You stop running. You stagger... The leprechaun misses. You feel a bit steadier now. The leprechaun misses. (2x) You hit the leprechaun! The leprechaun hits! Your purse feels lighter. You hit the spotted jelly! You are splashed by the spotted jelly's acid! You die... Final status: Goodbye Louvers the Priest, killed by a spotted jelly... You died in The Dungeons of Doom on dungeon level 7 with 35064 points, and 242 pieces of gold, after 3545 moves. You were level 5 with a maximum of 47 hit points when you died.